 Dungeon Crawl Stone Soup version 0.20.0-7-g3b7b877 (webtiles) character file.

573 George the Slasher (level 7, -1/51 HPs)
             Began as a Demonspawn Gladiator on May 29, 2017.
             Was an Initiate of Makhleb.
             Slain by Grinder (3 damage)
             ... on level 4 of the Dungeon.
             The game lasted 00:06:32 (4854 turns).

George the Slasher (Demonspawn Gladiator)           Turns: 4854, Time: 00:06:33

Health: -1/51      AC: 15    Str: 16    XL:     7   Next: 12%
Magic:  8/8        EV: 17    Int:  9    God:    Makhleb [......]
Gold:   258        SH:  0    Dex: 20    Spells: 6/6 levels left

rFire    . . .     SeeInvis .   a - +0 long sword
rCold    . . .     Gourm    .   (no shield)
rNeg     . . .     Faith    .   y - +0 ring mail
rPois    .         Spirit   .   c - +0 helmet
rElec    .         Reflect  .   (no cloak)
rCorr    .         Harm     +   (no gloves)
MR       .....                  (no boots)
Stlth    ++++......             h - amulet of harm
Regen    0.2/turn               p - ring of stealth
MPRegen  0.2/turn               C - ring of stealth

@: agile, sanguine armour
A: sanguine armour 2
a: Renounce Religion


You were on level 4 of the Dungeon.
You worshipped Makhleb.
Makhleb was noncommittal.
You were not hungry.

You visited 2 branches of the dungeon, and saw 5 of its levels.

You collected 258 gold pieces.

Inventory:

Hand Weapons
 a - a +0 long sword (weapon)
 b - a +2 rapier of venom
 s - a +0 short sword
Missiles
 d - 4 throwing nets
 D - 3 javelins (quivered)
Armour
 c - a +0 helmet (worn)
 y - a +0 ring mail (worn)
Jewellery
 h - an amulet of harm (around neck)
 p - a ring of stealth (left hand)
 C - a ring of stealth (right hand)
Wands
 e - a wand of polymorph (10/24)
Scrolls
 g - 4 scrolls of remove curse {unknown}
 i - 4 scrolls of identify {unknown}
 m - a scroll of enchant weapon {unknown}
 n - 2 scrolls of fog {unknown}
 q - a scroll of amnesia {unknown}
 r - a scroll of noise {unknown}
 t - a scroll of teleportation {unknown}
 u - a scroll of immolation {unknown}
 w - a scroll of blinking {unknown}
 B - a scroll of enchant armour {unknown}
Potions
 j - a potion of brilliance
 l - a potion of cancellation {unknown}
 v - a potion of resistance {unknown}
 A - a potion of haste
Comestibles
 f - 4 bread rations
 k - a chunk of flesh
 x - 2 royal jellies


   Skills:
 + Level 2.4 Fighting
 * Level 6.8 Long Blades
 - Level 1.7 Throwing
 + Level 1.2 Armour
 + Level 3.1 Dodging
 + Level 1.6 Invocations


You had 6 spell levels left.
You didn't know any spells.

Dungeon Overview and Level Annotations

Branches:
Dungeon (4/15)             Temple (1/1) D:4

Altars:
Ashenzari
Dithmenos
Fedhas
Gozag
Kikubaaqudgha
Makhleb
Okawaru
Ru
Sif Muna
Trog
Uskayaw
Vehumet
Xom
Yredelemnul

Shops:
D:4 (

Annotations:
D:4 Grinder


Innate Abilities, Weirdness & Mutations

When seriously injured, your bleeding wounds create thick armour. (AC +9)


Message History

You barely miss Grinder.
Grinder is lightly wounded.
Grinder barely misses you.
You riposte.
You hit Grinder.
Grinder is moderately wounded.
You feel agile all of a sudden. Grinder gestures at you.
You resist with significant effort.
You slash Grinder!
Grinder is heavily wounded.
Grinder gestures at you. You resist with significant effort.
You barely miss Grinder.
Grinder is heavily wounded.
Grinder misses you.
You closely miss Grinder.
Grinder is heavily wounded.
Grinder hits you.
* * * LOW HITPOINT WARNING * * *
You writhe in agony.
You die...

.....########.######## #...###.
.....#...............#####...'.##
.....#.####.....####.........#.#.
.......# ##...##.(#.........#.#.
#####..# ##.##...#........##.##
..# #.#l..##...[....##.## ...
+#.#)Z##.........##.#.
....###..(###..........'..#.
........8.5@)(....(....####.
#...###...###..........# #.
+#.#'.##.........# #.
#.#...##........# #.
##.##..รท#......).# #.
##...##..#........# #.
.####.....####.######## #.
...............# #.
######..######## ##


You could see Grinder.

Vanquished Creatures
  Eustachio (D:4)
  Duvessa (D:4)
  Dowan (D:4)
  Jessica (D:2)
  Natasha (thrice) (D:2)
  2 worker ants (D:4)
  A howler monkey skeleton (D:4)
  4 adders
  2 oozes (D:1)
  An adder skeleton (D:4)
  A dart slug (D:4)
  3 orcs
  A ball python (D:3)
  4 giant cockroaches
  8 hobgoblins
  6 jackals
  6 kobolds
  2 quokkas
  A ball python skeleton (D:4)
  6 bats
  3 frilled lizards
  5 goblins
  10 rats
73 creatures vanquished.

Vanquished Creatures (others)
  A leopard gecko (D:4)
1 creature vanquished.

Grand Total: 74 creatures vanquished

Notes
Turn   | Place    | Note
-------+----------+-------------------------------------------
     0 | D:1      | George the Demonspawn Gladiator began the quest for the Orb.
     0 | D:1      | Reached XP level 1. HP: 16/16 MP: 1/1
    53 | D:1      | Reached skill level 3 in Long Blades
   225 | D:1      | Gained mutation: When seriously injured, your bleeding wounds create armour. (AC +9) [demonic ancestry]
   225 | D:1      | Reached XP level 2. HP: 22/22 MP: 2/2
   727 | D:1      | Reached XP level 3. HP: 22/27 MP: 3/3
   799 | D:2      | Noticed Natasha
   807 | D:2      | HP: 1/27 [Natasha/magic dart (6)]
   812 | D:2      | Killed Natasha
   812 | D:2      | Reached skill level 4 in Long Blades
  1221 | D:2      | Noticed Natasha
  1230 | D:2      | Killed Natasha
  1230 | D:2      | Reached XP level 4. HP: 8/33 MP: 4/4
  1553 | D:2      | Noticed Jessica
  1558 | D:2      | Killed Jessica
  1558 | D:2      | Reached skill level 5 in Long Blades
  1618 | D:2      | Noticed Natasha
  1630 | D:2      | Killed Natasha
  1630 | D:2      | Reached XP level 5. HP: 17/38 MP: 5/5
  3638 | D:4      | Noticed Eustachio
  3676 | D:4      | Killed Eustachio
  3676 | D:4      | Reached skill level 6 in Long Blades
  3676 | D:4      | Reached XP level 6. HP: 23/44 MP: 6/6
  3813 | D:4      | Found a staircase to the Ecumenical Temple.
  3823 | Temple   | Entered the Ecumenical Temple
  3831 | Temple   | Became a worshipper of Makhleb the Destroyer
  4330 | D:4      | Found Zauguir's Weapon Boutique.
  4811 | D:4      | Noticed Grinder
  4811 | D:4      | Noticed Duvessa
  4811 | D:4      | Noticed Dowan
  4830 | D:4      | Killed Duvessa
  4830 | D:4      | Reached skill level 1 in Armour
  4830 | D:4      | Reached skill level 1 in Invocations
  4830 | D:4      | Gained mutation: When seriously injured, your bleeding wounds create thick armour. (AC +9) [demonic ancestry]
  4830 | D:4      | Reached XP level 7. HP: 26/51 MP: 6/8
  4833 | D:4      | Paralysed by Grinder for 7 turns
  4846 | D:4      | Killed Dowan
  4854 | D:4      | HP: 2/51 [Grinder (7)]
  4854 | D:4      | Slain by Grinder

Skill      XL: |  1  2  3  4  5  6 |
---------------+-------------------+-----
Long Blades    | 3 4 5 6 |  6.8
Armour         | 1 |  1.2
Dodging        | 3 |  3.1
Invocations    | 1 |  1.6
Fighting       | |  2.4
Throwing       | |  1.7

Action                   |  1- 3 |  4- 6 |  7- 9 || total
-------------------------+-------+-------+-------++-------
Melee: Long sword        |    86 |   167 |    12 ||   265
Throw: Javelin           |       |     6 |     3 ||     9
       Throwing net      |       |     1 |       ||     1
  Use: Potion            |       |     6 |     1 ||     7
 Stab: Sleeping          |       |     9 |       ||     9
  Eat: Chunk             |     1 |    12 |       ||    13
Armor: Leather armour    |    27 |    22 |       ||    49
       Ring mail         |       |    55 |    14 ||    69
Dodge: Dodged            |    48 |   140 |    10 ||   198
       Rpst.: Long sword |    19 |    47 |     4 ||    70
